 Dungeon Crawl Stone Soup version 0.29-a0-275-g389c0b56f3 (webtiles) character file.

Game seed: 18225651221268675731

37043 Ajdolov the Martial Artist (level 13, -4/98 HPs)
             Began as an Octopode Transmuter on Mar 10, 2022.
             Was an Initiate of Gozag.
             Slain by a yak (6 damage)
             ... while petrified by a catoblepas
             ... on level 5 of the Lair of Beasts.
             The game lasted 00:50:54 (27269 turns).

Ajdolov the Martial Artist (Octopode Transmuter)   Turns: 27269, Time: 00:50:55

Health: -4/98      AC:  1    Str: 15    XL:     13   Next: 94%
Magic:  0/20       EV:  2    Int: 26    God:    Gozag
Gold:   1365       SH:  0    Dex: 13    Spells: 1/22 levels left

rFire   . . .      SeeInvis .   k - staff of cold
rCold   + + .      Faith    .   (no shield)
rNeg    + + +      Spirit   +   (helmet restricted)
rPois   ∞          Reflect  .   t - amulet of guardian spirit
rElec   .          Harm     .   n - ring of protection from cold
rCorr   .          Rampage  .   e - +6 ring of strength
Will    .....                   i - ring of poison resistance
Stlth   +++.......              E - +6 ring of intelligence
HPRegen 0.26/turn               j - ring of wizardry
MPRegen 0.17/turn               K - ring of wizardry
                                (no ring)
                                (no ring)

@: petrified
A: almost no armour, amphibious, 8 rings, camouflage 1, gelatinous body 1,
(nimble swimmer 1), tentacles
a: Renounce Religion, Potion Petition, Call Merchant, Bribe Branch


You were on level 5 of the Lair of Beasts.
You worshipped Gozag.
Gozag was most pleased with you.
You visited 3 branches of the dungeon, and saw 18 of its levels.
You also visited: Sewer.

You collected 3592 gold pieces.
You spent 1392 gold pieces at shops.
You paid 835 gold pieces to Gozag.

Inventory:

Missiles
 G - 6 curare-tipped darts (quivered)
Magical Staves
 k - a staff of cold (weapon)
Jewellery
 e - a +6 ring of strength (right tentacle)
 i - a ring of poison resistance (on tentacle)
 j - a ring of wizardry (on tentacle)
 n - a ring of protection from cold (left tentacle)
 t - an amulet of guardian spirit (around mantle)
 E - a +6 ring of intelligence (on tentacle)
 K - a ring of wizardry (on tentacle)
Wands
 z - a wand of flame (37)
 F - a wand of acid (3)
 I - a wand of polymorph (3)
 J - a wand of mindburst (6)
Scrolls
 b - a scroll of silence {unknown}
 c - 3 scrolls of noise
 d - 2 scrolls of teleportation
 f - a scroll of blinking
 h - 2 scrolls of fog
 l - 4 scrolls of magic mapping
 o - 4 scrolls of immolation
 y - 3 scrolls of amnesia
 C - a scroll of identify
 D - 2 scrolls of vulnerability
Potions
 a - 4 potions of lignification
 g - 2 potions of haste
 m - 2 potions of attraction
 p - a potion of might
 q - a potion of invisibility {unknown}
 r - a potion of brilliance {unknown}
 s - 3 potions of resistance
 u - 2 potions of magic
 v - a potion of ambrosia {unknown}
 w - 3 potions of berserk rage
 x - 4 potions of curing {unknown}
 A - a potion of cancellation
 B - a potion of mutation
 H - 2 potions of flight {unknown}


   Skills:
 + Level 12.5 Fighting
 - Level 2.0 Dodging
 - Level 4.0 Stealth
 - Level 14.2 Unarmed Combat
 - Level 5.1 Spellcasting
 - Level 3.6 Translocations
 * Level 8.5 Transmutations
 - Level 5.2 Ice Magic
 * Level 8.4 Earth Magic
 - Level 1.1 Poison Magic


You had one spell level left.
You knew the following spells:

 Your Spells              Type           Power      Damage    Failure   Level
a - Beastly Appendage     Tmut           100%       N/A       1%          1
b - Spider Form           Tmut/Pois      31%        N/A       1%          3
c - Ice Form              Ice/Tmut       59%        N/A       1%          4
d - Blink                 Tloc           50%        N/A       1%          2
e - Statue Form           Tmut/Erth      33%        N/A       10%         6
f - Manifold Assault      Tloc           25%        N/A       13%         5

Your spell library contained the following spells:

 Spells                   Type           Power      Damage    Failure   Level
 Magic Dart               Conj           24%        1d4       2%          1
 Slow                     Hex            24%        N/A       2%          1
 Wereblood                Tmut           50%        N/A       1%          2
 Lesser Beckoning         Tloc           25%        N/A       1%          3
 Stone Arrow              Conj/Erth      56%        3d10      1%          3
 Petrify                  Tmut/Erth      50%        N/A       1%          4
 Searing Ray              Conj           12%        2d4       3%          2
 Confusing Touch          Hex            6%         N/A       6%          3
 Vampiric Draining        Necr           6%         2d6       6%          3
 Fulminant Prism          Conj/Hex       3%         3d6       19%         4
 Metabolic Englaciation   Hex/Ice        15%        N/A       19%         5
 Lehudib's Crystal Spear  Conj/Erth      14%        10d5      100%        8
 Animate Armour           Summ/Erth      Unusable   N/A       N/A         4

Dungeon Overview and Level Annotations

Branches:
Dungeon (11/15)            Temple (1/1) D:4            Lair (6/6) D:11
  Swamp (0/4) Lair:3       Spider (0/4) Lair:3          Orc (0/2) D:11
  Sewer (visited)
  Slime: Lair:5-6

Altars:
Ashenzari
Cheibriados
Dithmenos
Elyvilon
Fedhas
Gozag
Hepliaklqana
Kikubaaqudgha
Makhleb
Nemelex Xobeh
Okawaru
Qazlal
Ru
Trog
Uskayaw
Vehumet
Xom
Yredelemnul
Zin
Jiyva

Shops:
D:8 :   D:9 *(=   D:10 *

Portals:
Trove: D:10 (give +8 demon whip)

Annotations:
D:2 1 runed translucent door, Crazy Yiuf
D:5 1 runed translucent door
D:10 1 runed translucent door
D:11 2 transporters, exclusion: vampire
Lair:4 exclusion: oklob plant


Innate Abilities, Weirdness & Mutations

You cannot wear most types of armour.
You are amphibious.
You can wear up to eight rings at the same time.
Your skin changes colour to match your surroundings (Stealth+).
Your rubbery body absorbs attacks. (AC +1, EV +1)
((You are camouflaged when in or above water. (Stealth+)))
You have tentacles for arms and can constrict up to eight enemies at once.


Message History

You are engulfed in calcifying dust.
You are slowing down.
The plant is engulfed in calcifying dust.
The catoblepas breathes a plume of calcifying dust at you.
The blast of calcifying dust hits you.
The blast of calcifying dust hits the plant!
You climb upwards.
You have turned to stone.
You turn to flesh and can move again.
There is a stone staircase leading down here.
You start resting.
HP restored.
You climb downwards.
The catoblepas breathes a plume of calcifying dust at you.
The blast of calcifying dust hits you! The death yak gores you!
The death yak gores you!!
There is a stone staircase leading up, spattered with blood here.
Unknown command.
You are engulfed in calcifying dust.
You are slowing down.
The death yak barely misses you. The yak gores you!
You climb upwards.
You have turned to stone.
The death yak gores you! The yak gores you! The death yak gores you!!
The yak gores you! The death yak completely misses you. The yak gores you.
The death yak gores you!!
* * * LOW HITPOINT WARNING * * *
The yak gores you!
* * * LOW HITPOINT WARNING * * *
The death yak gores you!!
* * * LOW HITPOINT WARNING * * *
The yak gores you. The death yak gores you!
* * * LOW HITPOINT WARNING * * *
The yak gores you!
* * * LOW HITPOINT WARNING * * *
The death yak gores you.
* * * LOW HITPOINT WARNING * * *
The yak gores you!
You die...
Your body crumbles into a pile of gold.

.......###.#...<.##
.......# ##......##
#......# #.......#
###....####.......#
#..###...###......# ..##
#....###.....##### ..#
##...# ###...P#..# ..#
##..#####Y.....## ..###
##....##.@...## ..#.###
##...#.Y....## ...#..#
#...##......# ......#
##...#......###
......###.P...........#
.........P...........#####
#...##...........##P..##P#
##..###....(......#..P...##
..#.P###.......##.......#.#


You could see a death yak and a yak.

Vanquished Creatures
  The ghost of Ajdolov the Fighter, a journeyman OgIE of Vehumet (D:10)
  Fannar (D:10)
  4 hydras
  5 two-headed ogres
  2 catoblepae
  Pikel (D:5)
  A cyclops (D:11)
  An ugly thing (D:11)
  6 black mambas
  5 elephants (Lair:5)
  17 cane toads
  A rime drake (Lair:4)
  8 komodo dragons
  A meliai (Lair:3)
  3 trolls
  A polar bear (Lair:2)
  8 slime creatures
  12 blink frogs
  A spriggan (Lair:3)
  2 wraiths
  29 yaks
  3 wyverns
  2 basilisks
  4 vampire mosquitoes (Lair:3)
  2 steam dragons (D:9)
  2 acid dragons
  9 water moccasins
  An orc warrior (D:7)
  3 ogres
  7 black bears
  6 wolves (Lair:2)
  14 centaurs
  A lemure (D:5)
  A phantom (D:5)
  2 kobold brigands
  9 bullfrogs
  A gnoll sergeant (D:10)
  A scorpion (D:7)
  A necrophage (D:8)
  13 wights
  5 killer bees
  2 howler monkeys
  4 jellies
  3 hounds (D:5)
  3 orc priests
  4 iguanas
  Jessica (D:3)
  A gnoll shaman (D:10)
  8 orc wizards
  13 gnolls
  6 adders
  A shadow imp (D:6)
  2 ufetubi
  2 worms
  2 dart slugs
  23 orcs
  9 ball pythons
  6 bats
  9 endoplasms
  6 giant cockroaches
  5 goblins
  4 hobgoblins
  3 jackals (D:3)
  15 kobolds
  5 quokkas
  4 frilled lizards
  6 rats
  A bush (D:10)
345 creatures vanquished.

Vanquished Creatures (others)
  A gnoll (D:10)
  21 fungi
  33 plants
55 creatures vanquished.

Grand Total: 400 creatures vanquished

Notes
Turn   | Place    | Note
-------+----------+-------------------------------------------
     0 | D:1      | Ajdolov the Octopode Transmuter began the quest for the
                  | Orb.
     0 | D:1      | Reached XP level 1. HP: 13/13 MP: 3/3
    51 | D:1      | Reached skill level 1 in Stealth
   290 | D:1      | Reached XP level 2. HP: 10/18 MP: 5/5
   940 | D:1      | Reached XP level 3. HP: 23/23 MP: 6/6
  1449 | D:1      | Learned a level 3 spell: Spider Form
  2053 | D:2      | Reached XP level 4. HP: 29/29 MP: 7/7
  2120 | D:2      | Found a runed translucent door.
  2121 | D:2      | Noticed Crazy Yiuf
  2369 | D:3      | HP: 1/29 [poisoned by an orc]
  2898 | D:3      | Found a glowing drain.
  2903 | Sewer    | Entered a sewer
  2927 | Sewer    | Noticed a water moccasin
  2934 | Sewer    | Killed a water moccasin
  2935 | Sewer    | Reached skill level 4 in Unarmed Combat
  2935 | Sewer    | Reached XP level 5. HP: 22/36 MP: 8/8
  3489 | D:3      | Noticed Jessica
  3494 | D:3      | Killed Jessica
  3495 | D:3      | Reached XP level 6. HP: 30/42 MP: 9/9
  3746 | D:3      | Found a faded altar of an unknown god.
  3835 | D:3      | Found a hazy altar of Hepliaklqana.
  4622 | D:3      | Learned a level 4 spell: Ice Form
  4658 | D:4      | Found a broken altar of Ashenzari.
  4776 | D:4      | Noticed a black bear
  4901 | D:4      | Found a staircase to the Ecumenical Temple.
  5339 | Temple   | Entered the Ecumenical Temple
  5347 | Temple   | Became a worshipper of Gozag Ym Sagoz the Greedy
  5400 | D:4      | Reached skill level 1 in Ice Magic
  5559 | D:4      | Killed a black bear
  5560 | D:4      | Reached skill level 5 in Unarmed Combat
  5560 | D:4      | Reached XP level 7. HP: 23/48 MP: 4/10
  6022 | D:5      | Entered Level 5 of the Dungeon
  6407 | D:5      | Found a runed translucent door.
  7752 | D:6      | Found an ancient bone altar of Kikubaaqudgha.
  7776 | D:6      | Reached XP level 8. HP: 43/54 MP: 7/11
  7982 | D:6      | Found an iron altar of Okawaru.
  8234 | D:6      | Found a glowing silver altar of Zin.
  9000 | D:5      | Noticed Pikel
  9100 | D:5      | Killed Pikel
  9101 | D:5      | Reached skill level 5 in Fighting
  9101 | D:5      | Reached skill level 6 in Unarmed Combat
  9101 | D:5      | Reached skill level 5 in Transmutations
  9101 | D:5      | Reached skill level 5 in Ice Magic
  9469 | D:5      | Reached XP level 9. HP: 43/61 MP: 9/12
  9967 | D:6      | Reached skill level 1 in Poison Magic
 10457 | D:7      | Reached skill level 7 in Unarmed Combat
 11019 | D:7      | Found a stormy altar of Qazlal.
 11101 | D:7      | Reached skill level 8 in Unarmed Combat
 11107 | D:7      | Reached XP level 10. HP: 36/69 MP: 5/14
 11835 | D:7      | Reached skill level 9 in Unarmed Combat
 12545 | D:8      | Noticed a two-headed ogre
 12745 | D:8      | Killed a two-headed ogre
 13433 | D:9      | Noticed a two-headed ogre
 13691 | D:8      | Killed a two-headed ogre
 13692 | D:8      | Reached skill level 10 in Unarmed Combat
 13824 | D:9      | Noticed a two-headed ogre
 13832 | D:9      | Killed a two-headed ogre
 14097 | D:9      | Reached skill level 11 in Unarmed Combat
 14100 | D:9      | Reached XP level 11. HP: 48/78 MP: 7/15
 14363 | D:9      | Found Xueliofria's Jewellery Emporium.
 14387 | D:9      | Found Sangel's Weapon Shop.
 14614 | D:9      | Noticed a two-headed ogre
 14629 | D:9      | Killed a two-headed ogre
 14738 | D:9      | Found Jaasugg's General Store.
 15214 | D:10     | Entered Level 10 of the Dungeon
 15231 | D:10     | Noticed a two-headed ogre
 15247 | D:10     | Killed a two-headed ogre
 15248 | D:10     | Reached skill level 12 in Unarmed Combat
 15633 | D:10     | Found Maefia's Neck Hole.
 15692 | D:10     | Found a runed translucent gate.
 15692 | D:10     | Found a runed translucent gate.
 15692 | D:10     | Found a runed translucent gate.
 15694 | D:10     | Noticed Ajdolov's ghost (journeyman OgIE)
 15906 | D:10     | Noticed Fannar
 15919 | D:10     | Killed Fannar
 16224 | D:10     | Found a runed translucent door.
 16230 | D:10     | Noticed a six-headed hydra
 16306 | D:10     | Found a viscous altar of Jiyva.
 16367 | D:10     | Found a portal to a secret trove of treasure.
 16490 | D:10     | Reached skill level 10 in Fighting
 16647 | D:10     | Killed Ajdolov's ghost
 17032 | D:10     | Learned a level 2 spell: Blink
 17245 | D:11     | Reached skill level 1 in Translocations
 17258 | D:11     | Reached XP level 12. HP: 89/89 MP: 7/16
 17401 | D:11     | Reached skill level 13 in Unarmed Combat
 17512 | D:11     | Found a staircase to the Lair.
 17803 | D:11     | Noticed a catoblepas
 17814 | D:11     | Killed a catoblepas
 18136 | D:11     | Found a transporter.
 18140 | D:11     | Found a transporter.
 18143 | D:11     | Noticed an orc high priest
 18145 | D:11     | Noticed an orc high priest
 18188 | D:11     | Found a staircase to the Orcish Mines.
 18630 | D:8      | Bought a book of Sloth for 612 gold pieces
 18637 | D:8      | Learned a level 6 spell: Statue Form
 18813 | Lair:1   | Entered Level 1 of the Lair of Beasts
 18995 | Lair:1   | Reached skill level 1 in Earth Magic
 19102 | Lair:1   | Noticed an eight-headed hydra
 19110 | Lair:1   | Killed an eight-headed hydra
 21312 | Lair:2   | Reached skill level 5 in Earth Magic
 21313 | Lair:2   | Reached XP level 13. HP: 96/96 MP: 15/18
 21951 | Lair:3   | Found a staircase to the Swamp.
 22589 | Lair:3   | Found a hole to the Spider Nest.
 22595 | Lair:3   | Reached skill level 14 in Unarmed Combat
 23742 | Lair:4   | Reached skill level 5 in Spellcasting
 24276 | Lair:4   | Identified the amulet "Xyfid" {Reflect Fly rC+ rN+ Dex-3
                  | SH+5 Stlth+}
 24900 | Lair:4   | Learned a level 5 spell: Manifold Assault
 26081 | Lair:5   | Identified the +7 war axe of Ajdolov's Slow Death {protect,
                  | Dex+2}
 26632 | D:9      | Bought a ring of wizardry for 390 gold pieces
 26678 | D:9      | Bought a ring of wizardry for 390 gold pieces
 26905 | Lair:6   | Entered Level 6 of the Lair of Beasts
 27268 | Lair:5   | HP: 3/98 [yak (5)]
 27269 | Lair:5   | Slain by a yak

Illustrated notes

Levels and vault maps discovered:
D:1:      dpeg_arrival_lava_temple_mockup, layout_basic, serial_forest,
          infiniplex_forest_lined_2, infiniplex_forest_straight_4,
          infiniplex_forest_lined_4_way, infiniplex_forest_straight_2,
          infiniplex_forest_straight_5
D:2:      layout_rooms, uniq_crazy_yiuf_cottage
D:3:      layout_basic, nicolae_hepliaklqana_hippocampus, gup_sewer_entry_bowl,
          shapermc_ecumenical_altar_acropolis, hex_large,
          chequers_serial_rivers_micro_a, uniq_jessica
D:4:      layout_loops_cross, evilmike_ruin_ashenzari,
          minmay_temple_entry_stoned_glass, fountainhead
D:5:      layout_basic, lightli_church_of_beogh, uniq_pikel
D:6:      layout_basic, lemuel_round_altar, mainiacjoe_overflow_paths,
          mainiacjoe_overflow_chevrons, kennysheep_doodads
D:7:      layout_loops_ring, grunt_qazlal_sundering
D:8:      layout_basic
D:9:      layout_loops_ring, serial_shops, nicolae_shop_hallway_stairs, shop,
          shop, grunt_ministairs_1
D:10:     layout_stronghold, gammafunk_ghost_ooze,
          nicolae_trove_entry_crossroad, minmay_hedge_maze, minmay_st_funbox,
          nicolae_shop_sticking_my_neck_out, uniq_fannar
D:11:     gammafunk_beogh_shrine, layout_irregular_city, erik_lair_dragon
Temple:   nicolae_temple_x_marks_the_god
Lair:1:   layout_hall_layers, grunt_forest_small_clearings
Lair:2:   layout_cave_pods
Lair:3:   layout_regular_city, minmay_swamp_entry_swarm,
          hellmonk_spider_entry_not_the_bees, grunt_forest_large_clearing_hut
Lair:4:   layout_regular_city, infiniplex_staircase_pool_2, grunt_megastairs_5
Lair:5:   layout_misc_corridors
Lair:6:   minmay_lair_end_enchanted_forest, layout_small_grid,
          dpeg_slime_entry_enclosed_altar, nicolae_lair_yak_garden,
          serial_bayou_shore_a, lemuel_fruit_tree

Skill      XL: |  1  2  3  4  5  6  7  8  9 10 11 12 13 |
---------------+----------------------------------------+-----
Stealth        | 2 3 4 |  4.0
Fighting       | 3 4 5 6 8 10 11 12 | 12.5
Unarmed Combat | 4 5 6 8 11 12 13 14 | 14.2
Ice Magic      | 1 3 5 |  5.2
Transmutations | 4 5 6 7 8 |  8.5
Poison Magic   | 1 |  1.1
Translocations | 1 3 |  3.6
Earth Magic    | 5 8 |  8.4
Spellcasting   | 3 5 |  5.1
Dodging        | |  2.0

Action                   |  1- 3 |  4- 6 |  7- 9 | 10-12 | 13-15 || total
-------------------------+-------+-------+-------+-------+-------++-------
Melee: Unarmed           |    88 |   107 |   204 |   418 |   192 ||  1009
       Tentacles         |    17 |    17 |    15 |     3 |       ||    52
       Constrict         |    18 |    24 |     9 |     2 |     1 ||    54
       Kick              |     2 |       |       |       |       ||     2
       Punch             |       |     4 |     3 |     1 |       ||     8
       Staff             |       |       |       |     5 |     2 ||     7
 Cast: Beastly Appendage |     1 |       |       |       |       ||     1
       Spider Form       |       |     6 |    13 |     2 |       ||    21
       Ice Form          |       |       |    13 |    55 |    28 ||    96
       Statue Form       |       |       |       |       |     2 ||     2
Invok: Call Merchant     |       |       |       |     1 |       ||     1
Evoke: Wand              |       |       |     2 |     7 |       ||     9
  Use: Potion            |       |     4 |     2 |     2 |       ||     8
       Scroll            |       |       |       |    13 |     6 ||    19
 Stab: Sleeping          |    11 |     7 |     7 |     2 |     4 ||    31
       Distracted        |       |     1 |       |     2 |     2 ||     5
Armor: Skin              |     5 |     5 |    23 |   139 |    59 ||   231
Dodge: Dodged            |    55 |   119 |   117 |   178 |    67 ||   536

Table legend: (Time is in decaauts)
 A = Elapsed time spent in this place.
 B = Non-inter-level travel time spent in this place.
 C = Inter-level travel time spent in this place.
 D = Time resting spent in this place.
 E = Time spent auto-exploring this place.
 F = Levels seen in this place.
 G = Mean time per level.
                   A        B        C        D        E       F      G
               +--------+--------+--------+--------+--------+-----+--------+
         Total |  27152 |  25691 |   1461 |   9634 |  12081 |  19 | 1429.1 |
       Dungeon |  18741 |  17600 |   1141 |   6686 |   7970 |  11 | 1703.7 |
        Temple |     17 |     10 |      7 |      0 |      0 |   1 |   17.0 |
          Lair |   8079 |   7766 |    313 |   2711 |   4074 |   6 | 1346.5 |
         Sewer |    314 |    314 |      0 |    237 |     37 |   1 |  314.0 |
               +--------+--------+--------+--------+--------+-----+--------+

Top non-repeatable levels by time:
     D:5: 2836 daAuts
     D:7: 1959 daAuts
    D:10: 1819 daAuts
  Lair:5: 1807 daAuts
  Lair:4: 1788 daAuts
     D:6: 1781 daAuts
     D:8: 1669 daAuts
    D:11: 1647 daAuts
     D:3: 1626 daAuts
  Lair:3: 1555 daAuts
  Lair:2: 1501 daAuts
     D:1: 1448 daAuts
     D:2: 1368 daAuts
     D:9: 1347 daAuts
  Lair:1: 1318 daAuts
